Map: Abyssal Reef LE

Players

daydrA

  • Race: Zerg Zerg
  • Spawn Location: 11:00

NonY - Winner!

  • Race: Protoss Protoss
  • Spawn Location: 5:00

Event: WCS Austin 2017

VOD

Have the link to the VOD?

Description

Time

  • Played on: April 28, 2017, 5:37 p.m.
  • Length: 7:14

All games in this series

Show
View Real Time Build Order
Export as new Build Order

daydrA Zerg 

Build Orders: Hatch First 

Get SALT Encoding   

  12  0:01  Drone  
  13  0:12  Overlord  
  13  0:18  Drone  
  14  0:31  Drone x2  
  16  0:50  Hatchery  
  16  0:53  Drone  
  16  0:56  Drone  
  17  1:01  Drone  
  18  1:09  Extractor  
  17  1:16  Spawning Pool  
  16  1:19  Drone  
  16  1:23  Drone  
  18  1:29  Drone  
  19  1:48  Hatchery  
  18  1:57  Drone  
  18  1:58  Drone  
  20  2:06  Queen  
  22  2:13  Metabolic Boost  
  22  2:17  Zergling x2  
  23  2:26  Queen  
  25  2:30  Zergling x2  
  26  2:43  Overlord  
  26  2:45  Zergling x4  
  26  3:07  Zergling x8  
  26  3:08  Zergling x6  
  26  3:11  Zergling x2  
  34  3:13  Zergling x4  
  34  3:16  Zergling x2  
  34  3:18  Zergling x2  
  39  3:20  Zergling x2  
  39  3:22  Zergling x2  
  40  3:30  Overlord  
  40  3:31  Zergling x2  
  41  3:34  Zergling x2  
  41  3:41  Overlord  
  41  3:49  Zergling x4  
  41  3:51  Zergling x4  
  41  3:54  Zergling x2  
  44  3:57  Zergling x2  
  44  3:58  Zergling x2  
  44  4:02  Zergling x2  
  43  4:04  Zergling x2  
  43  4:07  Zergling x2  
  43  4:12  Zergling x2  
  43  4:15  Zergling x2  
  43  4:17  Zergling x2  
  43  4:19  Zergling x2  
  43  4:23  Zergling x2  
  44  4:27  Zergling x2  
  44  4:30  Zergling x4  
  45  4:34  Zergling x2  
  45  4:36  Zergling x2  
  41  4:40  Zergling x2  
  39  4:46  Zergling x4  
  39  4:47  Zergling x2  
  39  4:50  Zergling x2  
  38  4:54  Zergling x2  
  38  4:56  Zergling x2  
  38  4:59  Zergling x2  
  40  5:01  Zergling x2  
  40  5:04  Zergling x2  
  40  5:07  Zergling x2  
  40  5:10  Zergling x2  
  40  5:13  Drone  
  42  5:16  Zergling x2  
  42  5:19  Zergling x2  
  42  5:20  Zergling x2  
  45  5:24  Zergling x2  
  45  5:28  Zergling x2  
  47  5:32  Overlord  
  46  5:37  Zergling x2  
  46  5:38  Zergling x2  
  46  5:41  Drone  
  46  5:42  Drone  
  46  5:46  Drone  
  46  5:48  Drone  
  48  5:52  Drone  
  48  5:55  Drone  
  49  5:59  Drone x2  
  49  6:04  Drone x2  
  51  6:11  Drone  
  51  6:16  Baneling Nest  
  51  6:17  Extractor  
  47  6:21  Zergling x8  
  48  6:28  Zergling x4  
  48  6:31  Zergling x6  
  50  6:33  Zergling x2  
  50  6:34  Zergling x2  
  50  6:38  Zergling x2  
  50  6:39  Zergling x2  
  50  6:41  Zergling x2  
  50  6:44  Zergling x2  
  50  6:45  Zergling x2  
  51  6:48  Zergling x4  
  51  6:51  Zergling x4  
Show
View Real Time Build Order
Export as new Build Order

NonY Protoss - Winner!

Build Orders: 1 Gate Expand 

Get SALT Encoding   

  12  0:02  Probe (Chrono Boost)  
  13  0:13  Probe (Chrono Boost)  
  14  0:17  Pylon  
  14  0:23  Probe (Chrono Boost)  
  15  0:29  Assimilator  
  16  0:35  Probe (Chrono Boost)  
  16  0:42  Gateway  
  16  0:47  Probe (Chrono Boost)  
  17  0:57  Probe (Chrono Boost)  
  18  1:08  Probe (Chrono Boost)  
  19  1:20  Nexus  
  19  1:22  Probe (Chrono Boost)  
  20  1:33  Cybernetics Core  
  20  1:36  Probe (Chrono Boost)  
  21  1:41  Assimilator  
  21  1:46  Probe (Chrono Boost)  
  22  1:51  Pylon  
  22  1:57  Probe (Chrono Boost)  
  23  2:06  Adept  
  23  2:08  Warp Gate  
  23  2:11  Probe (Chrono Boost)  
  26  2:16  Twilight Council  
  27  2:23  Probe (Chrono Boost)  
  27  2:32  Probe (Chrono Boost)  
  27  2:33  Adept  
  27  2:34  Probe (Chrono Boost)  
  31  2:42  Probe (Chrono Boost)  
  33  2:44  Probe (Chrono Boost)  
  33  2:53  Probe (Chrono Boost)  
  33  2:55  Probe (Chrono Boost)  
  35  3:00  Adept  
  35  3:03  Probe (Chrono Boost)  
  35  3:05  Probe (Chrono Boost)  
  39  3:13  Gateway  
  39  3:16  Gateway  
  39  3:17  Probe x2 (Chrono Boost)  
  41  3:24  Pylon  
  41  3:27  Probe x2 (Chrono Boost)  
  43  3:38  Probe x2 (Chrono Boost)  
  45  3:42  Stargate  
  45  3:43  Stargate  
  45  3:46  Assimilator  
  45  3:48  Assimilator  
  45  3:53  Pylon  
  45  3:57  Gateway  
  45  3:59  Pylon  
  45  4:01  Pylon  
  45  4:04  Pylon  
  45  4:07  Gateway  
  45  4:09  Mothership Core (Chrono Boost)  
  47  4:14  Adept  
  47  4:15  Adept  
  51  4:20  Pylon  
  45  4:24  Twilight Council  
  43  4:35  Gateway  
  43  4:36  Gateway  
  43  4:37  Probe (Chrono Boost)  
  43  4:38  Probe (Chrono Boost)  
  45  4:43  Pylon  
  43  4:48  Resonating Glaives  
  39  4:55  Adept x2  
  39  4:59  Probe x2 (Chrono Boost)  
  45  5:03  Adept  
  45  5:04  Adept  
  48  5:11  Probe (Chrono Boost)  
  49  5:15  Adept  
  49  5:16  Probe (Chrono Boost), Adept  
  54  5:23  Probe (Chrono Boost)  
  54  5:26  Adept x2  
  59  5:38  Adept x3  
  61  5:46  Pylon, Adept x2  
  65  5:56  Adept  
  67  5:57  Adept  
  69  6:04  Gateway  
  69  6:08  Adept  
  69  6:09  Adept x3  
  77  6:25  Adept  
  79  6:26  Adept  
  78  6:36  Adept  
  78  6:37  Adept x3  
  81  7:00  Adept x2  
  85  7:03  Pylon  
  85  7:04  Pylon  
  85  7:13  Adept  
Tags
 
Add a new tag
Caveats
  • Supply blocks, unpowered buildings, or Contaminate may cause inaccurate times.
  • Supply counts are checked every 10 seconds.